Map: Troizinia LE

Players

kahsfjhf

  • Race: Terran Terran
  • Spawn Location: 11:00

Babayaga

  • Race: Terran Terran
  • League: Bronze
  • Spawn Location: 12:00

AhHeng

  • Race: Zerg Zerg
  • Spawn Location: 9:00

jimraynor

  • Race: Terran Terran
  • Spawn Location: 11:00

Infamous - Winner!

  • Race: Protoss Protoss
  • League: Gold
  • Spawn Location: 6:00

JamesStewart - Winner!

  • Race: Terran Terran
  • Spawn Location: 5:00

Adrian - Winner!

  • Race: Terran Terran
  • League: Silver
  • Spawn Location: 3:00

fgtrrrrjff - Winner!

  • Race: Protoss Protoss
  • Spawn Location: 5:00

VOD

Have the link to the VOD?

Description

Time

  • Played on: April 20, 2018, 8:26 a.m.
  • Length: 16:28
Show
View Real Time Build Order
Export as new Build Order

kahsfjhf Terran 

Build Orders:  

Get SALT Encoding   

  12  0:22  Supply Depot  
  12  0:36  SCV  
  13  0:45  Supply Depot  
  13  0:48  SCV  
  14  1:00  SCV  
  15  1:08  Supply Depot  
  15  1:13  SCV  
  16  1:25  SCV  
  17  1:32  Refinery  
  17  1:37  SCV  
  18  1:49  SCV  
  19  1:58  Refinery  
  20  2:01  SCV  
  20  2:13  SCV  
  21  2:15  Barracks  
  21  2:19  Engineering Bay  
  21  2:25  SCV  
  22  2:37  SCV  
  23  2:49  SCV  
  24  3:01  SCV  
  25  3:14  SCV  
  26  3:21  Command Center  
  26  3:24  Refinery  
  26  3:26  SCV  
  27  3:43  Factory  
  27  3:49  Ghost Academy  
  27  4:04  SCV  
  28  4:16  SCV  
  29  4:28  SCV  
  30  4:34  Refinery  
  30  4:40  Starport  
  30  4:41  SCV  
  30  4:44  Starport  
  31  4:53  SCV  
  32  5:17  Starport  
  32  5:21  Starport  
  32  5:30  SCV  
  32  5:35  SCV  
  34  5:42  SCV  
  35  5:47  SCV  
  36  5:54  SCV  
  36  5:58  Starport  
  36  5:59  SCV  
  36  6:06  SCV  
  36  6:11  SCV  
  37  6:23  SCV  
  30  7:22  Starport Tech Lab  
  30  7:29  Starport Tech Lab  
  30  7:41  Starport Tech Lab x2  
  30  7:53  Viking  
  30  7:54  Viking  
  34  8:06  Viking x2  
  38  8:51  Orbital Command  
  38  9:53  Command Center  
  38  10:15  Supply Depot  
  38  10:16  Supply Depot  
  38  10:20  Supply Depot  
  38  10:37  Viking x4  
  38  10:41  Supply Depot  
  46  10:43  Supply Depot  
  46  10:45  Supply Depot  
  46  11:07  Viking x4  
  46  11:09  Supply Depot  
  54  11:35  Refinery  
  54  11:36  Refinery  
  54  11:37  Viking x4  
  62  11:54  Supply Depot  
  62  11:56  Supply Depot  
  62  11:59  Supply Depot  
  62  12:01  Supply Depot  
  62  12:07  Viking x4  
  70  12:24  Supply Depot  
  70  12:37  Viking x4  
  78  12:44  Supply Depot  
  78  12:49  Supply Depot  
  78  12:51  Supply Depot  
  78  12:55  Supply Depot  
  78  13:17  Viking x3  
  78  13:18  Viking  
  86  13:47  Viking x3  
  86  13:48  Viking  
  94  14:17  Viking x2  
Show
View Real Time Build Order
Export as new Build Order

Babayaga Terran 

Build Orders:  

Get SALT Encoding   

  12  12:15  Command Center  
  12  12:27  Refinery  
  12  12:29  Command Center  
  12  12:30  Refinery  
  12  12:37  Supply Depot  
  12  12:39  Supply Depot  
  12  12:40  Supply Depot  
  12  13:01  Supply Depot  
  12  13:03  Supply Depot  
  12  13:05  Supply Depot  
  12  13:23  Command Center  
  12  13:28  Supply Depot  
  12  13:30  Supply Depot  
  12  13:32  Supply Depot  
  12  13:36  SCV  
  13  13:42  SCV  
  13  13:48  SCV  
  15  13:54  Supply Depot, SCV  
  8  14:06  SCV  
  6  14:18  SCV  
  7  14:30  SCV  
Show
View Real Time Build Order
Export as new Build Order

AhHeng Zerg 

Build Orders: Hatch First 

Get SALT Encoding   

  12  0:48  Hatchery  
  11  0:56  Spawning Pool  
  10  1:12  Extractor  
  10  1:18  Extractor  
  8  1:25  Evolution Chamber  
  7  1:26  Drone  
  7  1:27  Drone  
  7  1:28  Overlord  
  9  1:45  Zergling x2  
  10  1:57  Spore Crawler  
  9  2:02  Queen  
  11  2:10  Drone  
  12  2:19  Drone  
  13  2:29  Drone  
  15  2:37  Drone  
  15  2:45  Drone  
  16  2:51  Drone  
  16  2:58  Drone  
  18  3:09  Drone  
  19  3:13  Zergling x2  
  19  3:15  Zergling x2  
  21  3:22  Zergling x2  
  22  3:28  Drone  
  22  3:33  Drone  
  24  3:42  Metabolic Boost  
  24  3:48  Drone  
  25  3:54  Drone  
  26  3:58  Zergling x2  
  26  4:02  Zergling x2  
  28  4:11  Overlord  
  28  4:22  Lair  
  26  4:35  Drone x2  
  26  4:36  Drone  
  29  4:47  Zergling x6  
  32  5:02  Overlord  
  32  5:05  Zerg Missile Weapons Level 1  
  32  5:15  Drone x2  
  32  5:16  Drone  
  35  5:27  Hydralisk Den  
  34  5:29  Drone  
  34  5:34  Infestation Pit  
  34  5:35  Drone  
  35  5:38  Zergling x2  
  35  5:40  Zergling x2  
  37  5:43  Zergling x2  
  25  6:33  Hydralisk x3  
  31  7:05  Hive, Hydralisk x2  
  35  7:18  Drone, Hydralisk x3  
  35  7:20  Zerg Missile Weapons Level 2  
  42  7:41  Grooved Spines  
  42  7:44  Hydralisk  
  44  8:10  Overlord x5  
  44  8:25  Overlord  
  44  8:32  Drone x3  
  47  8:37  Overseer x7  
  47  8:44  Hydralisk x2  
  51  8:49  Drone  
  51  8:52  Muscular Augments  
  51  8:53  Hydralisk x2  
  56  8:58  Hydralisk  
  56  9:01  Drone  
  59  9:05  Extractor  
  59  9:06  Drone  
  59  9:10  Extractor  
  58  9:18  Hydralisk x2  
  58  9:24  Drone  
  63  9:34  Hydralisk x2  
  67  9:45  Hydralisk  
  69  9:58  Drone x2  
  69  9:59  Drone  
  72  10:02  Zerg Missile Weapons Level 3  
  72  10:11  Hydralisk  
  72  10:12  Hydralisk  
  76  10:20  Drone  
  77  10:27  Drone  
  78  10:30  Hydralisk x2  
  78  10:35  Drone  
  83  10:38  Hydralisk  
  85  10:48  Hydralisk  
  85  10:49  Hydralisk x2  
  91  11:00  Overlord  
  91  11:16  Overlord x3  
  91  11:17  Overlord  
  91  11:31  Hydralisk  
  93  11:39  Hydralisk  
  93  11:43  Overseer x2  
  93  11:44  Overseer x4  
  95  11:51  Hydralisk x3  
  101  12:07  Hydralisk  
  103  12:10  Hydralisk x3  
  97  12:31  Hydralisk x4  
  105  12:40  Zerg Ground Armor Level 1  
  31  14:16  Overlord x5  
  31  14:17  Overlord  
  6  14:59  Drone x2  
Show
View Real Time Build Order
Export as new Build Order

jimraynor Terran 

Build Orders: Banshee Rush 

Get SALT Encoding   

  12  0:04  SCV  
  13  0:16  SCV  
  14  0:27  Supply Depot  
  14  0:29  SCV  
  15  0:41  Refinery  
  15  0:49  SCV  
  16  0:54  Barracks  
  17  1:04  SCV  
  17  1:12  Refinery  
  17  1:16  SCV  
  18  1:28  SCV  
  19  1:43  Orbital Command  
  19  1:47  Supply Depot  
  19  2:02  Factory  
  19  2:16  Engineering Bay  
  19  2:18  SCV  
  20  2:30  SCV  
  21  2:42  SCV  
  22  2:48  Starport  
  22  2:54  SCV  
  23  3:02  Missile Turret  
  23  3:06  Factory Tech Lab  
  23  3:07  SCV  
  24  3:13  Command Center  
  24  3:19  SCV  
  25  3:34  Starport  
  25  3:38  Banshee  
  25  3:40  Cloaking Field  
  28  3:50  Supply Depot  
  28  4:11  Starport Tech Lab  
  28  4:18  Supply Depot  
  28  4:21  Widow Mine  
  30  4:37  Banshee  
  33  4:41  Orbital Command  
  33  5:47  Banshee x2  
  38  5:59  Orbital Command  
  38  7:01  Fusion Core  
  38  7:15  SCV  
  39  7:24  Banshee x2  
  39  7:28  SCV  
  46  7:40  SCV  
  47  7:52  SCV  
  47  7:53  Weapon Refit  
  45  8:07  Battlecruiser x2  
  51  8:37  Refinery x2  
  51  8:49  Barracks  
  51  8:50  Widow Mine  
  51  8:52  Barracks Tech Lab  
  53  9:13  Barracks x2  
  53  9:15  Terran Infantry Armor Level 1  
  53  9:16  Barracks  
  53  9:18  Barracks  
  53  9:21  Engineering Bay  
  53  9:41  SCV  
  54  9:50  Medivac x2  
  54  9:52  Barracks Reactor, Combat Shields  
  58  9:53  SCV  
  58  9:54  Marauder  
  61  10:05  SCV  
  62  10:07  Barracks Reactor  
  62  10:10  Barracks Tech Lab  
  62  10:11  Barracks Tech Lab  
  62  10:15  Barracks Reactor  
  62  10:27  Supply Depot  
  62  10:28  Terran Infantry Weapons Level 1  
  62  10:31  Supply Depot  
  62  10:32  Medivac  
  61  10:40  Medivac  
  61  10:42  Marauder  
  62  10:47  Concussive Shells  
  62  10:48  Marine x2  
  62  10:49  Marauder x2  
  68  10:51  Stimpack  
  68  10:58  Marine x3  
  68  10:59  Marine  
  68  11:03  Medivac  
  68  11:04  Marauder  
  76  11:10  Medivac, Marauder  
  80  11:13  Armory  
  77  11:27  Marine x2  
  77  11:28  Marine x5  
  77  11:29  Marauder  
  77  11:31  Marauder  
  88  11:44  Medivac x2  
  88  11:45  Marine x2  
  94  11:52  Supply Depot  
  94  11:53  Supply Depot  
  94  11:56  Supply Depot  
  94  11:59  Marine x6  
  100  12:13  SCV  
  100  12:15  Command Center  
  101  12:25  SCV  
  102  12:37  SCV  
  102  12:40  Marine x5  
  102  12:41  Marauder x3  
  114  13:36  Marine x3  
  114  13:37  Marine x5  
  114  13:38  Medivac, Marauder  
  114  13:39  Medivac  
  129  13:55  Marauder  
  129  13:58  Marine x2  
  129  13:59  Marauder  
  67  14:22  Marine x2, Marauder x3  
Show
View Real Time Build Order
Export as new Build Order

Infamous Protoss - Winner!

Build Orders: Oracle Opening 

Get SALT Encoding   

  12  0:02  Probe  
  13  0:22  Probe  
  13  0:24  Pylon  
  14  0:30  Probe  
  15  0:44  Gateway  
  15  0:48  Assimilator  
  15  0:51  Probe  
  16  1:04  Probe  
  17  1:12  Probe  
  18  1:21  Probe  
  18  1:22  Gateway  
  19  1:32  Cybernetics Core  
  19  1:36  Zealot  
  19  1:39  Probe  
  22  1:43  Assimilator  
  22  1:51  Probe  
  22  1:55  Pylon  
  22  2:03  Warp Gate  
  22  2:10  Probe  
  22  2:11  Pylon  
  23  2:25  Stargate  
  23  2:27  Probe  
  24  2:35  Stalker  
  26  2:40  Probe  
  27  2:52  Probe  
  28  3:05  Nexus  
  28  3:07  Sentry  
  28  3:08  Probe  
  31  3:20  Probe  
  31  3:24  Oracle  
  35  3:33  Probe  
  36  3:47  Robotics Facility  
  36  3:50  Pylon  
  36  3:53  Probe  
  37  4:08  Oracle  
  40  4:10  Pylon  
  40  4:11  Probe  
  41  4:19  Probe  
  42  4:28  Probe  
  39  4:32  Probe  
  41  4:38  Immortal  
  45  4:58  Sentry  
  45  4:59  Stalker  
  49  5:09  Gateway  
  49  5:10  Gateway  
  49  5:12  Gateway  
  49  5:15  Assimilator  
  49  5:16  Probe x2  
  49  5:20  Assimilator  
  49  5:21  Observer  
  42  5:43  Forge  
  39  6:08  Observer  
  40  6:12  Stalker  
  40  6:15  Stalker  
  44  6:22  Photon Cannon  
  44  6:24  Shield Battery  
  44  6:31  Probe  
  44  6:32  Protoss Ground Weapons Level 1  
  45  6:37  Photon Cannon, Shield Battery  
  45  6:50  Probe  
  45  6:53  Probe  
  47  7:13  Gateway  
  47  7:14  Void Ray  
  51  7:21  Stalker  
  53  7:24  Sentry  
  55  7:45  Warp Prism  
  57  7:52  Probe  
  57  7:53  Probe  
  59  8:00  Probe  
  59  8:05  Probe  
  61  8:11  Probe  
  61  8:17  Probe  
  63  8:40  Immortal  
  67  8:44  Probe  
  67  8:45  Probe  
  69  8:54  Pylon  
  69  9:00  Twilight Council  
  69  9:04  Pylon  
  69  9:10  Pylon  
  69  9:11  Void Ray  
  69  9:13  Probe x2  
  75  9:19  Stalker  
  77  9:24  Protoss Ground Armor Level 1  
  77  9:32  Immortal  
  81  9:38  Blink  
  81  9:43  Dark Shrine  
  81  9:56  Stalker x2  
  81  9:57  Stalker  
  87  10:00  Zealot  
  87  10:01  Zealot x2  
  93  10:10  Probe  
  94  10:39  Probe x2  
  94  11:33  Protoss Ground Weapons Level 2  
  94  11:37  Pylon  
  94  11:39  Pylon  
  94  11:40  Pylon  
  94  11:55  Void Ray  
  94  11:56  Immortal  
  94  11:57  Probe  
  103  12:05  Stalker x3  
  103  12:06  Stalker x3  
  61  12:32  Stalker  
  61  12:33  Stalker x3  
  61  12:34  Stalker x2  
  61  12:39  Immortal  
  65  12:49  Robotics Bay  
  65  12:58  Robotics Facility  
  65  13:31  Dark Templar x3  
  52  13:49  Protoss Ground Armor Level 2  
  52  13:53  Disruptor  
  28  14:45  Nexus  
  28  14:46  Pylon  
  28  14:49  Pylon  
  28  14:58  Nexus  
  28  15:01  Pylon  
  28  15:03  Pylon  
  28  15:05  Pylon, Disruptor  
  31  15:08  Pylon, Zealot  
Show
View Real Time Build Order
Export as new Build Order

JamesStewart Terran - Winner!

Build Orders:  

Get SALT Encoding   

  12  0:07  SCV  
  13  0:20  SCV  
  14  0:32  SCV  
  14  0:34  Supply Depot  
  15  0:55  SCV  
  16  0:57  Refinery  
  16  1:00  Barracks  
  16  1:07  SCV  
  16  1:09  Refinery  
  17  1:19  SCV  
  18  1:30  Supply Depot  
  18  1:31  SCV  
  19  1:44  SCV  
  20  1:56  Factory, SCV  
  21  2:08  SCV  
  22  2:20  SCV  
  23  2:32  SCV, Command Center  
  24  2:39  Factory Tech Lab  
  24  2:44  SCV  
  24  2:45  Starport  
  25  3:04  Armory  
  25  3:06  Armory  
  25  3:10  SCV  
  26  3:25  Starport  
  26  3:30  SCV  
  26  3:32  Starport Reactor  
  27  3:42  Orbital Command  
  27  4:02  Refinery  
  27  4:04  Supply Depot  
  27  4:10  Refinery  
  27  4:14  Command Center  
  27  4:18  SCV  
  27  4:23  SCV  
  29  4:30  SCV  
  30  4:35  SCV  
  31  4:45  Terran Ship Weapons Level 1  
  31  4:47  SCV, Refinery  
  31  4:50  Terran Vehicle And Ship Armor Level 1  
  32  4:57  Smart Servos  
  32  4:59  SCV  
  33  5:06  Starport Reactor  
  33  5:11  Starport, SCV  
  34  5:21  SCV  
  34  5:26  SCV  
  36  5:33  SCV  
  36  5:34  SCV  
  38  5:38  SCV  
  39  5:45  SCV  
  39  5:46  SCV  
  39  5:47  Fusion Core  
  39  5:49  Starport Reactor  
  41  5:51  SCV  
  41  5:52  Starport  
  42  5:58  SCV x2  
  42  5:59  Viking  
  42  6:03  SCV  
  47  6:06  Viking  
  47  6:10  SCV  
  47  6:11  SCV  
  51  6:15  SCV  
  52  6:23  SCV  
  52  6:24  SCV  
  54  6:27  SCV  
  55  6:35  SCV  
  55  6:36  SCV  
  55  6:39  SCV  
  58  6:41  Refinery  
  58  6:47  SCV  
  58  6:48  SCV  
  58  6:51  SCV  
  61  6:59  SCV  
  62  7:03  SCV  
  63  7:08  Viking  
  63  7:09  Viking x2  
  63  7:10  Viking x2  
  63  7:11  Viking  
  63  7:14  Starport Tech Lab  
  75  7:17  Starport  
  75  7:23  Terran Ship Weapons Level 2  
  75  7:25  Terran Vehicle And Ship Armor Level 2  
  75  7:43  Viking x2  
  76  7:44  Viking  
  76  7:51  Battlecruiser  
  74  8:26  SCV  
  75  8:33  SCV  
  76  8:38  SCV  
  77  8:51  Starport Tech Lab  
  77  9:22  SCV x2, Viking x3  
  85  9:24  SCV, Viking x3  
  85  9:27  Supply Depot  
  85  9:30  Supply Depot  
  92  9:34  SCV  
  93  9:41  Terran Ship Weapons Level 3  
  93  9:43  Terran Vehicle And Ship Armor Level 3  
  93  9:49  SCV x2, Battlecruiser  
  93  9:51  SCV  
  93  9:52  Viking  
  104  9:53  Supply Depot  
  104  9:55  Supply Depot  
  104  10:01  SCV x2  
  104  10:03  SCV  
  107  10:13  SCV  
  107  10:14  SCV  
  109  10:15  SCV  
  110  10:25  SCV  
  110  10:26  SCV  
  112  10:36  Battlecruiser  
  112  10:37  Viking x3  
  112  10:38  Viking x2  
  112  10:39  Viking  
  112  10:40  Command Center  
  130  11:07  Refinery  
  130  11:10  Supply Depot  
  130  11:11  Supply Depot  
  130  11:27  Battlecruiser  
  130  11:28  Viking x2  
  130  11:32  Viking x4  
  148  11:40  Supply Depot  
  148  11:42  Supply Depot  
  148  12:01  Refinery  
  148  12:51  Battlecruiser  
  148  12:52  Battlecruiser  
  148  12:53  Viking x3  
  148  12:54  Viking x3  
  172  13:23  Viking x3  
  172  14:52  Battlecruiser x2  
  184  14:53  Viking x3  
  184  14:54  Viking x3  
  196  15:23  Viking x2  
Show
View Real Time Build Order
Export as new Build Order

Adrian Terran - Winner!

Build Orders:  

Get SALT Encoding   

  12  0:09  Refinery  
  12  0:11  SCV  
  13  0:24  SCV  
  14  0:31  Supply Depot  
  14  0:37  SCV  
  15  0:53  Barracks  
  15  1:04  Barracks  
  15  1:06  SCV  
  16  1:16  Supply Depot  
  16  1:26  SCV  
  17  1:47  Barracks Reactor  
  17  1:51  Barracks Reactor  
  17  1:58  Factory  
  17  2:00  SCV  
  18  2:11  Supply Depot  
  18  2:15  SCV  
  19  2:24  Marine  
  19  2:25  Marine  
  21  2:30  Marine x2  
  23  2:41  Factory Tech Lab  
  23  2:44  Marine x2  
  25  2:51  Marine x2  
  27  3:01  Siege Tank  
  27  3:04  Marine x2  
  32  3:10  SCV, Refinery  
  33  3:14  Marine x2  
  35  3:25  Supply Depot  
  35  3:31  Supply Depot  
  35  3:36  Siege Tank  
  35  3:40  SCV  
  39  3:48  Supply Depot  
  39  3:53  Marine  
  40  3:55  Marine  
  41  4:10  Marine  
  41  4:11  Marine  
  41  4:14  Siege Tank  
  46  4:18  SCV  
  46  4:22  Marine  
  48  4:24  Marine  
  49  4:37  Engineering Bay  
  49  4:51  Armory  
  49  5:18  Command Center  
  28  7:00  Missile Turret, SCV  
  23  7:04  Thor  
  29  7:12  SCV  
  30  7:22  Missile Turret  
  30  7:24  SCV  
  30  7:29  Hi-Sec Auto Tracking  
  31  7:36  SCV  
  32  7:43  Missile Turret  
  32  7:47  Thor  
  32  7:48  SCV  
  39  7:59  Missile Turret  
  39  8:07  Marine  
  39  8:08  Marine x3  
  43  8:20  SCV  
  43  8:25  Marine x4  
  43  8:27  Terran Infantry Armor Level 1  
  48  8:29  Thor  
  48  8:30  Factory  
  54  8:36  Terran Vehicle And Ship Armor Level 1  
  54  8:43  Marine  
  55  8:53  SCV  
  56  9:10  SCV  
  56  9:12  Thor  
  56  9:13  Factory Tech Lab  
  56  9:15  Command Center  
  63  9:24  Planetary Fortress  
  63  9:33  Missile Turret  
  63  9:38  Engineering Bay  
  63  9:47  Thor  
  69  10:03  Marine  
  69  10:04  Marine x3  
  73  10:16  SCV  
  73  10:19  Refinery  
  73  10:21  Building Armor, Marine  
  74  10:22  Refinery  
  75  10:31  Terran Vehicle Weapons Level 1  
  75  10:33  Starport  
  75  10:43  Supply Depot  
  75  10:48  Supply Depot  
  75  11:01  Smart Servos  
  75  11:13  SCV  
  75  11:17  Missile Turret  
  76  11:21  Thor  
  82  11:25  SCV  
  82  11:32  Barracks  
  83  11:37  SCV  
  83  11:39  Barracks  
  84  11:46  SCV  
  85  11:49  SCV  
  86  12:01  Terran Infantry Weapons Level 1  
  86  12:04  Thor  
  86  12:07  SCV  
  93  12:15  Supply Depot  
  93  12:27  Starport Tech Lab  
  93  12:34  Fusion Core  
  93  12:47  Barracks Tech Lab, Armory  
  93  12:58  Missile Turret  
  93  13:04  Planetary Fortress  
  93  13:09  Thor  
  99  13:30  Battlecruiser  
  105  13:34  Marine  
  105  13:35  Marine  
  107  13:43  Terran Ship Weapons Level 1  
  107  13:47  Supply Depot  
  107  13:52  Barracks Tech Lab  
  92  14:37  Thor  
  98  14:40  Marauder  
  98  14:41  Marauder  
  102  14:47  SCV  
  102  14:50  SCV  
  104  15:01  Supply Depot  
  104  15:02  SCV, Marauder  
  104  15:03  Marauder  
  109  15:14  SCV  
  110  15:23  Marauder  
  110  15:24  Battlecruiser, Marauder  
  110  15:26  SCV  
  121  15:29  Supply Depot  
  121  15:38  SCV  
  122  15:45  Marauder x2  
  126  15:56  SCV  
  127  16:06  Marauder  
  127  16:07  Marauder  
Show
View Real Time Build Order
Export as new Build Order

fgtrrrrjff Protoss - Winner!

Build Orders: Double Forge 

Get SALT Encoding   

  12  0:11  Pylon  
  12  0:23  Probe  
  13  0:35  Probe  
  14  0:48  Probe  
  15  1:00  Probe  
  16  1:12  Probe  
  16  1:15  Nexus  
  17  1:24  Probe  
  18  1:34  Gateway  
  18  1:38  Pylon  
  18  1:43  Pylon  
  18  2:10  Forge  
  18  2:11  Assimilator  
  18  2:16  Assimilator  
  18  2:30  Cybernetics Core  
  18  2:36  Probe  
  18  2:37  Probe  
  18  2:44  Probe  
  20  2:45  Probe  
  22  2:52  Probe  
  22  2:54  Probe  
  24  3:00  Cybernetics Core  
  24  3:04  Probe  
  25  3:06  Probe  
  26  3:16  Probe  
  26  3:18  Probe  
  28  3:22  Assimilator  
  28  3:25  Assimilator  
  28  3:26  Probe  
  28  3:27  Probe  
  30  3:34  Probe  
  30  3:35  Probe  
  30  3:37  Warp Gate  
  32  3:43  Probe, Forge  
  32  3:44  Probe, Forge  
  32  3:46  Forge  
  34  3:54  Twilight Council  
  34  3:55  Probe  
  35  4:08  Pylon  
  35  4:11  Pylon  
  35  4:14  Pylon  
  35  4:18  Pylon  
  35  4:21  Pylon  
  35  4:51  Dark Shrine  
  35  4:52  Photon Cannon x2  
  35  4:55  Photon Cannon  
  35  5:01  Stargate  
  35  5:05  Robotics Facility  
  35  5:14  Probe x2  
  37  5:26  Probe  
  38  5:29  Photon Cannon  
  38  5:32  Photon Cannon, Protoss Air Armor Level 1  
  38  5:34  Photon Cannon  
  38  5:40  Photon Cannon  
  38  5:50  Probe  
  38  5:52  Probe, Protoss Ground Weapons Level 1  
  38  5:53  Protoss Shields Level 1, Protoss Ground Armor Level 1  
  40  5:58  Probe  
  41  6:04  Probe  
  41  6:06  Probe  
  43  6:16  Probe  
  44  6:22  Probe  
  45  6:28  Probe  
  45  6:31  Robotics Facility  
  46  6:34  Fleet Beacon  
  46  6:38  Robotics Bay  
  46  6:46  Robotics Bay  
  46  6:53  Observer  
  47  7:14  Observer  
  49  7:23  Observer  
  49  7:29  Protoss Air Armor Level 2  
  49  7:35  Observer  
  50  7:41  Probe x2  
  52  7:46  Observer Gravitic Boosters  
  52  7:50  Nexus  
  52  7:52  Assimilator  
  52  7:53  Probe x2  
  52  7:57  Assimilator, Observer  
  55  8:05  Probe  
  56  8:06  Probe  
  56  8:10  Observer  
  58  8:17  Probe  
  58  8:18  Probe  
  60  8:29  Probe  
  60  8:30  Probe  
  60  8:31  Observer  
  63  8:40  Pylon  
  63  8:43  Pylon, Gravitic Drive  
  63  8:45  Protoss Shields Level 2, Protoss Ground Armor Level 2, Protoss Ground Weapons Level 2  
  63  8:46  Pylon  
  63  8:49  Pylon  
  63  8:53  Pylon  
  63  8:56  Pylon  
  63  8:58  Pylon  
  63  9:01  Pylon  
  63  9:03  Pylon  
  63  9:18  Pylon  
  63  9:21  Pylon  
  63  9:24  Pylon  
  63  9:25  Probe x3  
  63  9:27  Pylon  
  63  9:30  Pylon  
  66  9:33  Pylon  
  66  9:37  Pylon, Probe x2  
  66  9:38  Probe  
  69  9:41  Pylon  
  69  9:44  Pylon  
  69  9:49  Probe  
  69  9:50  Probe x2  
  72  9:53  Observer x2  
  74  10:01  Protoss Air Armor Level 3, Probe  
  74  10:02  Probe  
  76  10:14  Warp Prism x2  
  80  10:49  Warp Prism x2  
  83  11:25  Warp Prism x2  
  85  11:26  Gateway x2  
  85  11:27  Gateway  
  85  11:29  Gateway  
  85  11:30  Gateway x2  
  85  11:31  Gateway  
  87  11:34  Gateway  
  87  11:35  Gateway  
  87  11:37  Gateway  
  87  11:40  Gateway x2  
  87  11:42  Gateway  
  87  11:43  Gateway  
  87  11:49  Gateway, Protoss Ground Armor Level 3, Protoss Ground Weapons Level 3  
  87  11:50  Gateway, Protoss Shields Level 3  
  87  11:51  Gateway  
  87  11:52  Gateway  
  87  11:53  Gateway  
  87  11:54  Gateway  
  87  11:56  Gateway  
  87  11:59  Gateway  
  86  13:43  Dark Templar x3  
  86  13:44  Dark Templar x4  
  86  13:45  Dark Templar x3  
  86  13:46  Dark Templar x3  
  112  13:50  Dark Templar x6  
  112  13:51  Dark Templar x4  
  124  14:19  Dark Templar x4  
  124  14:20  Dark Templar x6  
  142  14:56  Dark Templar  
  142  14:57  Dark Templar x4  
  142  14:59  Zealot  
  152  15:00  Zealot x3  
  152  15:01  Zealot x3  
  152  15:03  Zealot  
  166  15:21  Dark Templar x3  
  170  15:23  Zealot x4  
  170  15:28  Assimilator  
  174  15:31  Nexus  
  174  15:34  Assimilator  
  156  15:55  Dark Templar x4  
Tags
 
Add a new tag
Caveats
  • Supply blocks, unpowered buildings, or Contaminate may cause inaccurate times.
  • Supply counts are checked every 10 seconds.